 Dungeon Crawl Stone Soup version 0.30-a0-622-gddc90eaa04 (webtiles) character file.

Game seed: 9950152423684996145

462 Leeroy the Ruffian (level 6, -3/76 HPs)
             Began as a Draconian Transmuter on Jan 10, 2023.
             Was an Initiate of Wu Jian.
             Slain by a gnoll
             ... wielding a +0 halberd
             ... led by a gnoll bouda
              (7 damage)
             ... on level 4 of the Dungeon.
             The game lasted 00:09:59 (2865 turns).

Leeroy the Ruffian (Draconian Transmuter)           Turns: 2865, Time: 00:10:00

Health: -3/76      AC: 23    Str: 14    XL:     6   Next: 79%
Magic:  4/9        EV:  2    Int: 14    God:    Wu Jian [......]
Gold:   56         SH:  0    Dex: 11    Spells: 3/9 levels left

rFire   . . .      SeeInvis +      - Unarmed
rCold   . . .      Faith    .    (no shield)
rNeg    . . .      Spirit   .    (body armour unavailable)
rPois   +          Reflect  .    (helmet currently unavailable)
rElec   .          Harm     .    (cloak currently unavailable)
rCorr   .          Rampage  .    (gloves currently unavailable)
Will    .....      NoTele   +    (boots currently unavailable)
Stlth   +                        (no amulet)
HPRegen 0.32/turn                d - ring of see invisible
MPRegen 0.11/turn                (no ring)

@: tree-form, very slightly contaminated
A: stationary, stasis, torment immunity, boosted hp, AC +6, unfitting armour,
(cold-blooded)
a: Renounce Religion


You were on level 4 of the Dungeon.
You worshipped Wu Jian.
Wu Jian was noncommittal.
You were a tree.
You visited 2 branches of the dungeon, and saw 5 of its levels.

You collected 210 gold pieces.
You spent 154 gold pieces at shops.

Inventory:

Hand Weapons
 j - a +1 dagger of speed
Armour
 h - a +0 cloak (melded)
 n - the +2 pair of gloves "Gonih" {rN+ Str-2 SInv}
   (You found it on level 2 of the Dungeon)

   Str:       It affects your strength (-2).
   rN:        It protects you from negative energy.
   SInv:      It lets you see invisible.
 p - a +2 hat (melded)
Jewellery
 d - a ring of see invisible (left branch)
 k - a ring of protection from fire
Scrolls
 b - a scroll of vulnerability
 c - a scroll of immolation {unknown}
 g - a scroll of silence {unknown}
 o - a scroll of amnesia {unknown}
 r - a scroll of magic mapping {unknown}
Potions
 a - a potion of lignification
 e - a potion of flight {unknown}
 f - 2 potions of curing
 i - a potion of heal wounds {unknown}
 l - 2 potions of attraction {unknown}
 m - 2 potions of brilliance {unknown}
 q - 2 potions of might {unknown}


   Skills:
 * Level 3.2 Fighting
 - Level 1.7 Dodging
 + Level 7.2 Unarmed Combat
 - Level 2.0 Spellcasting
 - Level 2.0 Transmutations


You had 3 spell levels left.
You knew the following spells:

 Your Spells              Type           Power      Damage    Failure   Level
a - Beastly Appendage     Tmut           14%        N/A       11%         1
b - Wereblood             Tmut           7%         N/A       16%         2
c - Spider Form           Tmut/Pois      4%         N/A       43%         3

Your spell library contained the following spells:

 Spells                   Type           Power      Damage    Failure   Level
 Foxfire                  Conj/Fire      4%         2x1d4     24%         1
 Freeze                   Ice            4%         1d3       24%         1
 Frozen Ramparts          Ice            2%         1d1       56%         3
 Hailstorm                Conj/Ice       1%         3d3       56%         3
 Ice Form                 Ice/Tmut       4%         N/A       83%         4
 Fireball                 Conj/Fire      0%         3d3       100%        5
 Summon Forest            Summ/Tloc      0%         N/A       100%        5
 Eringya's Noxious Bog    Tmut/Pois      2%         N/A       100%        6
 Starburst                Conj/Fire      0%         6d3       100%        6
 Summon Hydra             Summ           0%         N/A       100%        7


Dungeon Overview and Level Annotations

Branches:
Dungeon (4/15)             Temple (1/1) D:4

Altars:
Elyvilon
Fedhas
Gozag
Makhleb
Nemelex Xobeh
Okawaru
Qazlal
Ru
Sif Muna
Uskayaw
Vehumet
Wu Jian
Xom
Yredelemnul
Zin
The Shining One

Shops:
D:3 :[*

Annotations:
D:2 1 runed translucent door, Crazy Yiuf
Temple 2 transporters


Innate Abilities, Weirdness & Mutations

You are a tree.
Your roots penetrate the ground, keeping you stationary.
You cannot be teleported.
You are immune to unholy pain and torment.
Your maximum health is greatly increased.
Your equipment is partially melded.
((Your plain brown scales are hard. (AC +6)))
You cannot fit into any form of body armour.
((You are cold-blooded and may be slowed by cold attacks.))


Message History

Your +2 hat melds into your body.
Your roots penetrate the ground.
The gnoll hits you with a +0 mace.
* * * LOW HITPOINT WARNING * * *
The gnoll bouda hits you but does no damage.
The gnoll hits you from afar with a +0 spear.
* * * LOW HITPOINT WARNING * * *
The adder bites you but does no damage. The gnoll hits you but does no damage.
You smack the gnoll bouda!
The gnoll bouda is severely wounded.
The adder bites you but does no damage.
The gnoll hits you but does no damage. x2
The gnoll bouda hits you with a +0 whip.
* * * LOW HITPOINT WARNING * * *
The gnoll hits you but does no damage.
You smack the gnoll bouda!
The gnoll bouda is almost dead.
The adder bites you but does no damage. The gnoll hits you but does no damage.
The gnoll hits you from afar with a +0 spear.
* * * LOW HITPOINT WARNING * * *
The gnoll bouda hits you but does no damage.
You smack the gnoll bouda!
You kill the gnoll bouda!
The Council accepts your kill. The gnoll hits you but does no damage.
The adder bites you but does no damage.
The gnoll hits you but does no damage. x2
You hit the gnoll.
The gnoll is lightly wounded.
The adder bites you but does no damage.
The gnoll hits you from afar with a +0 halberd.
* * * LOW HITPOINT WARNING * * *
Okay, then.
You smack the gnoll!
You kill the gnoll!
The Council accepts your kill. The adder bites you but does no damage.
The gnoll barely misses you. The gnoll hits you but does no damage.
You closely miss the adder.
You hear the rapid rusting of a drain very nearby.
The adder bites you but does no damage. The gnoll hits you but does no damage.
The gnoll hits you from afar with a +0 halberd!
You die... ... #..... .$. ..##..≈≈≈ ... ..##..≈.. #'###......≈.##### gg....

....≈.#.... #g#.!
###..≈.#.≈≈≈ #)#.#
#....≈.#.≈_. #♣#.# #.
#.≈.#.≈..
#)S.###.##≈.#.≈.#.
..>..g##.......≈.#.≈.##
#..##.##.###...≈.#.≈...
< #~#........≈.#.≈≈≈≈
#~##..##...≈.#.....
#~#..$#....≈.######
#~#...#....≈.......
###...#.#≈≈≈≈≈≈≈≈


You could see 4 gnolls and an adder.

Vanquished Creatures
  Sigmund (D:4)
  A howler monkey (D:2)
  A gnoll bouda (D:4)
  A hound (D:4)
  A gnoll (D:4)
  10 adders
  3 worms
  2 dart slugs (D:1)
  An orc (D:3)
  8 bats
  5 endoplasms
  2 giant cockroaches
  10 goblins
  15 hobgoblins
  11 jackals
  A quokka (D:4)
  7 ball pythons
  2 frilled lizards (D:2)
  9 kobolds
  5 rats
96 creatures vanquished.

Notes
Turn   | Place    | Note
-------+----------+-------------------------------------------
     0 | D:1      | Leeroy the Draconian Transmuter began the quest for the
                  | Orb.
     0 | D:1      | Reached XP level 1. HP: 16/16 MP: 3/3
   183 | D:1      | Reached XP level 2. HP: 15/23 MP: 3/5
   236 | D:1      | Reached skill level 4 in Unarmed Combat
   266 | D:1      | Learned a level 2 spell: Wereblood
   390 | D:1      | Reached XP level 3. HP: 28/28 MP: 6/6
   863 | D:2      | Reached XP level 4. HP: 30/36 MP: 7/7
   881 | D:2      | Reached skill level 5 in Unarmed Combat
  1009 | D:2      | Identified the +0 pair of boots of Spite {rF++ rCorr}
  1130 | D:2      | Identified the +2 pair of gloves "Gonih" {rN+ Str-2 SInv}
  1514 | D:2      | Found a runed translucent door.
  1515 | D:2      | Noticed Crazy Yiuf
  1522 | D:2      | Learned a level 3 spell: Spider Form
  1655 | D:3      | Reached XP level 5. HP: 40/41 MP: 8/8
  1864 | D:3      | Found Dawacop's Antique Armour Shoppe.
  1877 | D:3      | Bought a runed hat for 154 gold pieces
  1944 | D:3      | Found Oddiotze's General Store.
  2141 | D:3      | Found Kad Jalycw's Book Shoppe.
  2451 | D:4      | Found a sacrificial altar of Ru.
  2452 | D:4      | Found a sparkling altar of Nemelex Xobeh.
  2549 | D:4      | Reached skill level 6 in Unarmed Combat
  2585 | D:4      | Noticed Sigmund
  2595 | D:4      | Killed Sigmund
  2596 | D:4      | Reached XP level 6. HP: 51/51 MP: 9/9
  2747 | D:4      | Reached skill level 7 in Unarmed Combat
  2765 | D:4      | Found a staircase to the Ecumenical Temple.
  2773 | Temple   | Entered the Ecumenical Temple
  2773 | Temple   | Found a transporter.
  2773 | Temple   | Found a transporter.
  2778 | Temple   | Found a transporter.
  2778 | Temple   | Found a transporter.
  2795 | Temple   | Became a worshipper of the Wu Jian Council
  2863 | D:4      | HP: 3/76 [gnoll/+0 halberd[a gnoll bouda] (1)]
  2865 | D:4      | Slain by a gnoll

Illustrated notes

Levels and vault maps discovered:
D:1:      onia_arrival_mini_maze, layout_rooms, minmay_misc_feat_tower
D:2:      layout_basic, uniq_crazy_yiuf_cottage
D:3:      layout_basic, serial_shops, shop, nicolae_shop_waterfront, shop
D:4:      layout_basic, nicolae_overflow_squiral, minmay_temple_entry_junction,
          portal_sewer_entry_d, hangedman_decor_points, uniq_sigmund
Temple:   hellmonk_temple_divided_pantheon

Skill      XL: |  1  2  3  4  5  6 |
---------------+-------------------+-----
Unarmed Combat | 4 5 6 7 |  7.2
Fighting       | 2 3 |  3.2
Dodging        | |  1.7
Spellcasting   | |  2.0
Transmutations | |  2.0

Action                   |  1- 3 |  4- 6 || total
-------------------------+-------+-------++-------
Melee: Unarmed           |   139 |   217 ||   356
       Tailslap          |    10 |    21 ||    31
       Headbutt          |     3 |     3 ||     6
       Kick              |     9 |     4 ||    13
       Punch             |     1 |     2 ||     3
 Cast: Beastly Appendage |     4 |     3 ||     7
       Wereblood         |     1 |     1 ||     2
  Use: Potion            |       |     3 ||     3
       Scroll            |       |     1 ||     1
 Stab: Sleeping          |       |     1 ||     1
Armor: Skin              |    51 |   139 ||   190
Dodge: Dodged            |   105 |   200 ||   305

Table legend: (Time is in decaauts)
 A = Elapsed time spent in this place.
 B = Non-inter-level travel time spent in this place.
 C = Inter-level travel time spent in this place.
 D = Time resting spent in this place.
 E = Time spent auto-exploring this place.
 F = Levels seen in this place.
 G = Mean time per level.
                   A        B        C        D        E       F      G
               +--------+--------+--------+--------+--------+-----+--------+
         Total |   2831 |   2729 |    102 |     69 |   1804 |   5 |  566.2 |
       Dungeon |   2791 |   2689 |    102 |     69 |   1804 |   4 |  697.8 |
        Temple |     40 |     40 |      0 |      0 |      0 |   1 |   40.0 |
               +--------+--------+--------+--------+--------+-----+--------+

Top non-repeatable levels by time:
     D:2: 835 daAuts
     D:3: 745 daAuts
     D:1: 713 daAuts
     D:4: 497 daAuts
  Temple: 40 daAuts
